 Dungeon Crawl Stone Soup version 0.21-a0-233-g0929f2e (webtiles) character file.

42 Chiseanne the Sneak (level 3, 0/18 HPs)
             Began as a Vine Stalker Enchanter on Sept 2, 2017.
             Succumbed to an adder's poison
             ... on level 2 of the Dungeon.
             The game lasted 00:04:28 (2071 turns).

Chiseanne the Sneak (Vine Stalker Enchanter)        Turns: 2071, Time: 00:04:29

Health: 0/18       AC:  2    Str: 11    XL:     3   Next: 56%
Magic:  2/7        EV: 12    Int: 15    God:
Gold:   97         SH:  0    Dex: 14    Spells: 4/7 levels left

rFire    . . .     SeeInvis .   a - +1 dagger
rCold    . . .     Gourm    .   (no shield)
rNeg     . . .     Faith    .   b - +0 robe
rPois    .         Spirit   +   (no helmet)
rElec    .         Reflect  .   (no cloak)
rCorr    .         Harm     .   (no gloves)
MR       .....                  (no boots)
Stlth    ++........             (no amulet)
HPRegen  0.06/turn              (no ring)
MPRegen  0.10/turn              (no ring)

@: lethally poisoned (0 -> -10)
A: fangs 2, magic shield, antimagic bite, no potion heal 3, rot immunity
a: no special abilities


You were on level 2 of the Dungeon.
You were not hungry.

You visited 1 branch of the dungeon, and saw 2 of its levels.

You collected 97 gold pieces.

Inventory:

Hand Weapons
 a - a +1 dagger (weapon)
Missiles
 k - 89 stones (quivered)
 n - 8 arrows
Armour
 b - a +0 robe (worn)
Scrolls
 f - 3 scrolls of identify {unknown}
 h - 3 scrolls of teleportation {unknown}
 m - a scroll of blinking {unknown}
 o - 2 scrolls of remove curse {unknown}
 p - a scroll of enchant armour {unknown}
Potions
 e - 2 potions of lignification {unknown}
 i - a potion of berserk rage {unknown}
 j - a potion of might {unknown}
 l - 2 potions of heal wounds {unknown}
Books
 c - a book of Maledictions

   Spells                             Type                      Level
   a - Corona                         Hexes                        1
   b - Ensorcelled Hibernation        Hexes/Ice                    2
   c - Confuse                        Hexes                        3
   d - Tukima's Dance                 Hexes                        3
   e - Dazzling Spray                 Conjuration/Hexes            3
Comestibles
 d - a bread ration
 g - 3 royal jellies
 q - 4 chunks of flesh


   Skills:
 * Level 1.3 Fighting
 - Level 0.8 Short Blades
 * Level 1.9 Dodging
 - Level 3.6 Stealth
 * Level 2.6 Spellcasting
 * Level 3.4 Hexes


You had 4 spell levels left.
You knew the following spells:

 Your Spells              Type           Power        Failure   Level  Hunger
a - Corona                Hex            ##.....      4%          1    #......
b - Ensorcelled Hibernat  Hex/Ice        #.....       16%         2    ###....


Dungeon Overview and Level Annotations

Branches:
Dungeon (2/15)

Altars:


Innate Abilities, Weirdness & Mutations

You have extremely sharp teeth.
When hurt, damage is shared between your health and your magic reserves.
Your bite disrupts and absorbs the magic of your enemies.
Potions cannot restore your health.
You are immune to rotting.


Message History

You hit the adder.
The adder is heavily wounded.
* * * LOW HITPOINT WARNING * * *
You feel sick. The adder barely misses you.
You hit the adder.
The adder is heavily wounded.
* * * LOW HITPOINT WARNING * * *
You feel sick. The adder misses you.
You closely miss the adder. You bite the adder. You drain its power.
You feel invigorated.
The adder is almost dead.
* * * LOW HITPOINT WARNING * * *
You feel sick. The adder bites you.
* * * LOW HITPOINT WARNING * * *
You closely miss the adder.
The adder is almost dead.
The adder completely misses you. The adder barely misses you.
You hit the adder.
The adder is almost dead.
You die...

........................#
#############...........#
# ...# #..........## #
#..# #..##.....## # #..#
#.######### # #..##...# #
#..###.# # ##...#S### #
##..#...@.## #..######..#
#..#.# #### #..#.## ...#
#. #### ##


You could see an adder.

Vanquished Creatures
  An adder (D:1)
  A dart slug (D:1)
  2 leopard geckos (D:2)
  2 bats (D:1)
  2 giant cockroaches
  5 goblins (D:1)
  3 hobgoblins (D:1)
  2 jackals (D:1)
  A frilled lizard (D:1)
  4 kobolds (D:1)
  4 rats
27 creatures vanquished.

Notes
Turn   | Place    | Note
-------+----------+-------------------------------------------
     0 | D:1      | Chiseanne the Vine Stalker Enchanter began the quest for the Orb.
     0 | D:1      | Reached XP level 1. HP: 9/9 MP: 4/4
   504 | D:1      | Reached XP level 2. HP: 14/14 MP: 0/6
   580 | D:1      | Learned a level 2 spell: Ensorcelled Hibernation
   736 | D:1      | Reached skill level 1 in Fighting
  1247 | D:1      | Reached XP level 3. HP: 18/18 MP: 5/7
  2071 | D:2      | Succumbed to an adder's poison

Vault maps used:
D:1:      lightli_arrival_statuegarden, lemuel_flame_loot_1
D:2:      minmay_diamond_boxcup

Skill      XL: |  1  2 |
---------------+-------+-----
Fighting       | 1 |  1.3
Short Blades   | |  0.8
Dodging        | |  1.9
Stealth        | |  3.6
Spellcasting   | |  2.6
Hexes          | |  3.4

Action                   || total
-------------------------++-------
Melee: Dagger            ||    92
       Bite              ||    13
 Cast: Corona            ||    32
       Ensorcelled Hiber ||     4
 Stab: Sleeping          ||     4
  Eat: Chunk             ||     4
Armor: Robe              ||    23
Dodge: Dodged            ||    70

Table legend:
 A = Spawn XP
 B = Non-spawn XP
 C = Spawn XP percentage of total XP
 D = Spawn monster count
 E = Non-spawn monster count
 F = Spawn count percentage of total count
 G = Total turns spent on level
                    A         B        C        D         E        F      G
               +---------+---------+-------+---------+---------+-------+---------
         Total |       9 |      52 |  14.8 |       7 |      20 |  25.9 |  2071
               +---------+---------+-------+---------+---------+-------+---------
           D:1 |       9 |      43 |  17.3 |       7 |      16 |  30.4 |  1600
           D:2 |       0 |       9 |   0.0 |       0 |       4 |   0.0 |   471
               +---------+---------+-------+---------+---------+-------+---------
